Map: Blackpink LE

Players

Counterist - Winner!

  • Race: Zerg Zerg
  • Spawn Location: 7:00

Typo - Winner!

  • Race: Zerg Zerg
  • League: Platinum
  • Spawn Location: 1:00

Infamous

  • Race: Protoss Protoss
  • League: Gold

VOD

Have the link to the VOD?

Description

Time

  • Played on: April 21, 2018, 4:14 p.m.
  • Length: 21:13
Show
View Real Time Build Order
Export as new Build Order

Counterist Zerg - Winner!

Build Orders: Pool First, Lurkers 

Get SALT Encoding   

  12  0:00  Drone  
  13  0:10  Drone  
  14  0:17  Overlord  
  14  0:35  Spawning Pool  
  13  0:38  Drone  
  14  0:45  Drone  
  14  0:46  Drone  
  16  0:56  Extractor, Drone  
  17  1:47  Zergling x6  
  19  2:07  Hatchery  
  18  2:22  Hatchery  
  17  2:30  Queen  
  17  2:35  Metabolic Boost  
  19  2:38  Drone x3, Extractor  
  21  3:03  Drone  
  22  3:07  Overlord  
  22  3:10  Lair  
  22  3:15  Overlord  
  22  3:41  Drone x5  
  24  3:43  Drone  
  24  3:44  Drone x2  
  30  3:55  Zergling x2  
  30  3:56  Zergling x2  
  30  3:59  Zergling x2  
  32  4:03  Zergling x2  
  33  4:14  Zergling x6  
  33  4:15  Zergling x2  
  37  5:00  Drone x9  
  37  5:05  Queen  
  48  5:14  Hydralisk Den  
  47  5:24  Drone x3  
  47  5:26  Overlord x3  
  50  5:41  Pneumatized Carapace  
  49  5:49  Queen  
  50  5:50  Drone x3  
  50  5:51  Drone x5  
  50  5:54  Extractor  
  50  5:55  Extractor  
  50  5:56  Grooved Spines  
  56  6:05  Extractor  
  56  6:06  Extractor  
  56  6:07  Drone x5  
  56  6:08  Drone  
  58  6:24  Hydralisk x4  
  64  6:32  Overlord x2  
  64  6:47  Overlord  
  64  6:48  Overlord x3  
  64  7:08  Muscular Augments  
  66  7:11  Queen  
  66  7:22  Hydralisk x5  
  68  7:23  Hydralisk x3  
  68  7:24  Hydralisk  
  84  7:32  Queen  
  86  7:40  Hydralisk x2  
  86  7:41  Hydralisk  
  92  8:25  Hydralisk x4  
  92  8:26  Hydralisk x2  
  104  8:27  Overlord x3  
  104  8:28  Overlord x2  
  104  8:45  Hydralisk x2  
  104  8:46  Hydralisk x4  
  104  8:47  Hydralisk  
  118  10:07  Hydralisk  
  118  10:09  Zergling x2  
  118  10:10  Zergling x32  
  115  11:14  Hydralisk x2  
  97  11:19  Hydralisk x3  
  97  11:20  Hydralisk x4  
  91  11:29  Evolution Chamber  
  91  11:30  Hydralisk x2, Evolution Chamber  
  77  11:36  Hydralisk x2  
  77  11:38  Hydralisk  
  79  11:52  Hydralisk x3  
  79  11:54  Lurker Den, Infestation Pit  
  83  12:03  Drone x3  
  86  12:10  Hatchery  
  85  12:30  Drone  
  85  12:31  Drone x8  
  94  12:45  Hydralisk x3  
  94  12:47  Queen  
  94  12:50  Hatchery  
  89  13:23  Lurker x7  
  68  14:04  Drone x12  
  80  14:14  Drone x2, Hatchery  
  81  14:17  Drone x2  
  81  14:18  Drone  
  81  14:43  Hydralisk x11  
  85  14:53  Hydralisk x7  
  99  15:02  Hydralisk  
  99  15:03  Hydralisk x2  
  105  15:24  Hydralisk x6  
  105  15:25  Hydralisk x5  
  125  15:42  Drone x9  
  120  16:36  Hydralisk  
  120  16:37  Hydralisk x9  
  118  16:51  Hydralisk x10  
  132  17:59  Hydralisk  
  132  18:00  Hydralisk  
  134  18:08  Overlord x6  
  134  18:09  Overlord x5  
  134  18:38  Drone x10  
  144  18:55  Hatchery x2  
  129  18:57  Hatchery x2  
  129  18:59  Hatchery  
  101  19:06  Hydralisk x3  
  101  19:07  Hydralisk x7  
  101  19:09  Lurker  
  119  19:10  Lurker x7  
  125  19:27  Hive  
  119  20:01  Overseer x2  
  119  20:12  Hydralisk x8  
  119  20:13  Hydralisk x10  
  155  20:20  Hydralisk x2  
  155  20:21  Hydralisk x5  
  151  20:32  Hydralisk x2  
  151  20:33  Hydralisk x7  
  151  20:34  Hydralisk  
  171  20:36  Hydralisk x3  
  199  21:01  Ultralisk Cavern  
  199  21:02  Spire  
Show
View Real Time Build Order
Export as new Build Order

Typo Zerg - Winner!

Build Orders:  

Get SALT Encoding   

  12  0:01  Probe  
  13  0:20  Probe  
  14  0:22  Pylon  
  14  0:41  Probe, Gateway  
  14  0:49  Probe  
  16  1:04  Assimilator  
  16  1:07  Probe  
  17  1:16  Probe  
  18  1:28  Probe  
  19  1:35  Nexus  
  19  1:47  Cybernetics Core  
  19  1:53  Probe  
  20  1:57  Assimilator  
  20  2:04  Gateway  
  20  2:09  Probe  
  21  2:17  Pylon  
  21  2:22  Probe  
  22  2:26  Zealot  
  24  2:45  Probe  
  25  2:51  Adept  
  25  2:53  Zealot  
  27  3:02  Probe, Warp Gate  
  27  3:03  Probe  
  31  3:10  Probe  
  32  3:20  Adept  
  32  3:26  Stargate  
  36  3:27  Adept  
  36  3:28  Probe  
  37  3:37  Probe  
  37  3:40  Probe  
  39  3:48  Pylon  
  39  3:51  Pylon  
  39  4:06  Adept x2  
  39  4:07  Probe  
  39  4:08  Probe  
  45  4:21  Robotics Facility  
  45  4:23  Phoenix  
  47  4:29  Probe x2  
  49  4:41  Probe  
  49  4:42  Probe  
  51  4:51  Gateway  
  51  4:53  Probe, Gateway  
  51  4:54  Probe  
  47  5:05  Probe  
  47  5:06  Probe  
  49  5:09  Observer  
  50  5:14  Adept  
  50  5:15  Adept  
  50  5:16  Probe  
  50  5:18  Probe  
  50  5:19  Assimilator  
  56  5:22  Assimilator  
  56  5:24  Probe  
  56  5:27  Phoenix  
  58  5:30  Probe  
  60  5:45  Stalker  
  62  5:50  Shield Battery  
  62  5:53  Shield Battery  
  62  6:02  Probe  
  62  6:11  Probe  
  62  6:25  Phoenix  
  61  6:35  Probe  
  62  6:50  Pylon  
  62  6:52  Pylon  
  62  6:55  Pylon, Shield Battery  
  62  7:04  Forge  
  62  7:07  Forge  
  62  7:08  Probe x2, Immortal  
  68  7:11  Phoenix  
  70  7:19  Protoss Ground Weapons Level 1  
  70  7:20  Probe, Protoss Ground Armor Level 1  
  70  7:21  Stalker x4  
  79  7:25  Probe  
  80  7:47  Immortal  
  84  7:58  Robotics Bay  
  84  8:02  Pylon  
  84  8:14  Probe x2, Nexus  
  84  8:17  Pylon  
  84  8:19  Pylon  
  86  8:23  Pylon  
  84  8:31  Probe x2  
  86  8:40  Photon Cannon  
  86  8:43  Shield Battery  
  86  8:45  Shield Battery  
  86  8:47  Phoenix  
  86  8:48  Shield Battery  
  88  8:49  Colossus  
  88  8:50  Photon Cannon  
  94  8:55  Extended Thermal Lance  
  94  8:57  Probe  
  93  9:35  Pylon  
  93  9:41  Probe x3  
  93  9:44  Assimilator  
  96  9:47  Assimilator  
  96  9:49  Stalker x3  
  96  9:50  Adept  
  104  9:53  Probe x2  
  106  10:06  Phoenix  
  108  10:07  Cybernetics Core  
  106  10:36  Zealot x3  
  106  10:37  Zealot  
  106  10:41  Colossus  
  112  11:03  Stalker  
  112  11:04  Stalker x3  
  82  11:29  Stalker x2  
  82  11:30  Stalker x2  
  82  11:42  Protoss Shields Level 1  
  82  11:46  Probe  
  82  11:47  Probe  
  84  12:11  Pylon  
  84  12:14  Phoenix  
  86  12:16  Nexus  
  86  12:19  Colossus  
  86  12:20  Sentry x3  
  86  12:21  Sentry  
  96  12:53  Zealot x4  
  100  13:25  Zealot x4  
  104  13:45  Observer  
  103  13:56  Sentry x2  
  103  13:57  Stalker x2  
  103  13:58  Probe x2  
  113  14:07  Observer  
  113  14:08  Probe  
  115  14:12  Assimilator, Nexus  
  115  14:14  Assimilator  
  115  14:16  Pylon  
  115  14:17  Pylon  
  115  14:19  Pylon  
  115  14:24  Stalker x4  
  75  14:49  Colossus  
  73  14:56  Adept  
  73  14:57  Adept x3  
  87  15:15  Twilight Council  
  69  15:31  Stalker x3, Robotics Facility  
  69  15:32  Stalker  
  72  15:35  Probe  
  72  15:43  Probe x2  
  72  15:44  Probe  
  72  15:47  Probe  
  76  15:55  Probe  
  77  15:58  Gateway, Adept x2  
  77  16:00  Probe, Gateway  
  80  16:04  Gateway  
  80  16:06  Gateway  
  80  16:08  Gateway  
  78  16:13  Zealot x2  
  75  16:21  Stalker x2  
  73  16:34  Pylon  
  73  16:37  Zealot x2  
  71  16:42  Probe x2  
  71  16:43  Probe x2  
  71  16:46  Colossus  
  71  16:51  Colossus  
  81  16:54  Probe  
  81  16:59  Resonating Glaives  
  82  17:03  Gateway, Stalker  
  82  17:04  Adept  
  86  17:11  Protoss Ground Armor Level 2  
  86  17:13  Probe  
  86  17:14  Probe  
  88  17:28  Adept x4  
  88  17:29  Adept  
  81  17:53  Sentry  
  81  17:54  Sentry x2  
  81  17:55  Stalker x2  
  81  17:56  Stalker x2  
  95  18:25  Zealot  
  97  18:27  Sentry x2  
  97  18:32  Observer  
  101  18:42  Probe  
  101  18:44  Observer  
  94  19:01  Zealot x5  
  94  19:02  Zealot x3  
  92  19:13  Probe x2  
  76  19:54  Zealot  
  76  19:55  Zealot x6  
  76  20:28  Adept  
  76  20:29  Adept x3  
Show
View Real Time Build Order
Export as new Build Order

Infamous Protoss 

Build Orders:  

Get SALT Encoding   

Tags
 
Add a new tag
Caveats
  • Supply blocks, unpowered buildings, or Contaminate may cause inaccurate times.
  • Supply counts are checked every 10 seconds.